[Event "DEN-chT XtraCon 2018-19"]
[Site "Denmark"]
[Date "2019.03.17"]
[Round "9"]
[White "Brynell, Stellan"]
[Black "Bank, Pelle"]
[Result "1/2-1/2"]
[ECO "E63"]
[WhiteElo "2403"]
[BlackElo "2298"]
[Annotator "ChessBase"]
[PlyCount "97"]
[EventDate "2018.10.27"]
[EventType "team-tourn"]
[EventCountry "DEN"]
[SourceTitle "playchess.com"]
[Source "ChessBase"]
[SourceQuality "1"]
[TimeControl "40/5400+30:1800+30"]

1. d4 g6 2. Nf3 Bg7 3. c4 d6 4. Nc3 Nf6 5. g3 O-O 6. Bg2 Nc6 7. O-O a6 8. b3 e5 9. dxe5 dxe5 10. Bg5 Qxd1 11. Raxd1 h6 12. Be3 Re8 13. Nd5 Nxd5 14. cxd5 Nb4 15. a3 Nc2 16. Bc5 Bf8 17. Bxf8 Kxf8 18. a4 Nb4 19. d6 cxd6 20. Rxd6 Nc6 21. Rc1 Rb8 22. e3 a5 23. Nd2 Re6 24. Rxe6 Bxe6 25. Bxc6 Rc8 26. Kf1 Ke7 27. Ke2 f5 28. Rc5 e4 29. Rxa5 Rxc6 30. Rb5 b6 31. f3 Bc8 32. Nc4 Ba6 33. Rb4 Bxc4+ 34. bxc4 exf3+ 35. Kxf3 Kd6 36. Rb5 Kc7 37. Rb4 Kd6 38. h4 h5 39. Rb5 Kc7 40. Rb4 Kd6 41. Rb5 Kc7 42. a5 bxa5 43. Rxa5 Rxc4 44. Rd5 Kc6 45. Rd8 Re4 46. Rg8 Rg4 47. Rd8 Kc5 48. Rd7 Kc4 49. Rd8 1/2-1/2

[Event "DEN-chT XtraCon 2018-19"]
[Site "Denmark"]
[Date "2019.03.17"]
[Round "9"]
[White "Bromann, Thorbjorn"]
[Black "Rosenkilde, Alexander"]
[Result "0-1"]
[ECO "A20"]
[WhiteElo "2395"]
[BlackElo "2253"]
[Annotator "NA"]
[PlyCount "72"]
[EventDate "2018.10.27"]
[EventType "team-tourn"]
[EventCountry "DEN"]
[SourceTitle "playchess.com"]
[Source "ChessBase"]
[SourceQuality "1"]
[TimeControl "40/5400+30:1800+30"]

1. c4 e5 2. g3 Nc6 3. Bg2 Bc5 4. Nc3 a6 5. e3 d6 6. Nf3 Nf6 7. h3 O-O 8. O-O Bf5 9. d4 exd4 10. Nxd4 Bd7 11. b3 Ba7 12. Bb2 Re8 13. g4 h6 14. Rc1 Rb8 15. Nce2 Nxd4 16. exd4 d5 17. Ng3 Rc8 $14 ({Black should play} 17... c6 $11) 18. Re1 c6 19. Rxe8+ Qxe8 20. Qd2 Bb8 21. Re1 Be6 22. f4 Qd8 23. c5 Qc7 24. Bc1 Re8 25. Qf2 Bc8 26. Rxe8+ Nxe8 27. Nh5 Qe7 28. Kf1 Nf6 29. Qh4 Kf8 30. Nxg7 Kxg7 31. f5 h5 32. gxh5 Ng8 33. h6+ Kh7 34. Bg5 f6 35. Bf4 Bxf4 36. Qxf4 Nxh6 0-1

[Event "DEN-chT XtraCon 2018-19"]
[Site "Denmark"]
[Date "2019.03.17"]
[Round "9"]
[White "Jepson, Christian"]
[Black "Berg, Klaus"]
[Result "1/2-1/2"]
[ECO "E92"]
[WhiteElo "2391"]
[BlackElo "2298"]
[Annotator "NA"]
[PlyCount "99"]
[EventDate "2018.10.27"]
[EventType "team-tourn"]
[EventCountry "DEN"]
[SourceTitle "playchess.com"]
[Source "ChessBase"]
[SourceQuality "1"]
[TimeControl "40/5400+30:1800+30"]

1. c4 g6 2. d4 Bg7 3. e4 d6 4. Nc3 Nf6 5. Be2 O-O 6. Nf3 e5 7. d5 Na6 8. O-O Nc5 9. Qc2 a5 10. Bg5 h6 11. Be3 b6 12. Nd2 Ng4 13. Bxg4 Bxg4 14. b3 Bd7 15. a3 f5 16. f3 fxe4 17. fxe4 Rxf1+ 18. Rxf1 Be8 19. b4 axb4 20. axb4 Nd7 21. Qb2 Kh7 22. Ra1 Bf6 23. Nb5 Rxa1+ 24. Qxa1 Nf8 25. Nc3 Bg5 26. Bxg5 Qxg5 27. Nf1 Bd7 28. Qe1 Kg7 29. Qe3 Nh7 30. Qxg5 Nxg5 31. Nd2 Kf7 32. Kf2 Ke7 33. Nf3 Nxf3 34. Kxf3 Kf6 35. h3 Kg5 36. Kg3 h5 37. h4+ Kf6 38. Kf2 g5 39. g3 gxh4 40. gxh4 Ke7 41. Ke3 Bh3 42. Nb5 Kd7 43. Kf2 Bg4 44. Na7 Bd1 45. Ke3 Bc2 46. b5 Bd1 47. Nc6 Bg4 48. Nb8+ Kc8 49. Nc6 Kd7 50. Nb8+ 1/2-1/2

[Event "DEN-chT XtraCon 2018-19"]
[Site "Denmark"]
[Date "2019.03.17"]
[Round "9"]
[White "Rostgaard, Tobias Valentin"]
[Black "Kristensen, Leif"]
[Result "1/2-1/2"]
[ECO "A10"]
[WhiteElo "2388"]
[BlackElo "2309"]
[Annotator "NA"]
[PlyCount "116"]
[EventDate "2018.10.27"]
[EventType "team-tourn"]
[EventCountry "DEN"]
[SourceTitle "playchess.com"]
[Source "ChessBase"]
[SourceQuality "1"]
[TimeControl "40/5400+30:1800+30"]

1. c4 g6 2. g3 Bg7 3. Bg2 d6 4. Nc3 Nf6 5. e4 e5 6. Nge2 Nc6 7. d3 Be6 8. O-O Qd7 {[%emt 0:00:58] A26: English Opening vs King's Indian with ...Nc6 and d3} 9. Nd5 Nh5 (9... O-O 10. Bg5 Ng4 11. f3 f6 12. Bd2 Nh6 13. Be3 Ne7 14. d4 c6 15. Nxe7+ Qxe7 16. d5 Bc8 17. dxc6 bxc6 {1-0 (38) Hagen,A (2454)-Borge,N (2408) Denmark 2011}) 10. Be3 Nd4 11. Nxd4 exd4 12. Bd2 c6 13. Nf4 Nxf4 14. Bxf4 O-O $146 ({Predecessor:} 14... h5 15. Qd2 h4 16. gxh4 Rxh4 {½-½ (26) Kraich,K (2088)-Gould,C (1939) Bayern 2013}) 15. b4 Rfe8 16. Re1 f5 17. exf5 Bxf5 18. Qd2 Rac8 19. h4 b5 20. Rxe8+ Rxe8 21. cxb5 cxb5 22. Rc1 Qe6 23. Bf3 Be5 24. Bxe5 Qxe5 25. Bc6 Re7 26. h5 Kg7 27. Bf3 Bh3 28. Kh2 Qf5 (28... Bd7 $11 {remains equal.}) 29. h6+ Kf6 30. Be4 Qh5 31. Qf4+ Bf5+ 32. Kg1 Re5 $18 33. Bf3 Qg5 34. Rc6 Re1+ 35. Kg2 Qxf4 36. gxf4 Ke6 37. Rc7 g5 38. fxg5 Bxd3 39. Rg7 Re5 40. Bg4+ Kd5 41. f4 Re8 42. f5 Be2 43. Bxe2 Rxe2+ 44. Kf3 Re5 45. Rxa7 Rxf5+ 46. Kg4 Rf8 47. a4 bxa4 48. Rxa4 d3 49. Ra1 Kc4 50. Rb1 Kc3 51. g6 hxg6 52. b5 d2 53. b6 Kc2 54. Rh1 d5 55. Kg5 d1=Q 56. Rxd1 Kxd1 57. h7 Rb8 58. Kh6 d4 1/2-1/2

[Event "DEN-chT XtraCon 2018-19"]
[Site "Denmark"]
[Date "2019.03.17"]
[Round "9"]
[White "V. Pedersen, Nicolai"]
[Black "Jaksland, Tim"]
[Result "1-0"]
[ECO "B40"]
[WhiteElo "2384"]
[BlackElo "2228"]
[Annotator "NA"]
[PlyCount "69"]
[EventDate "2018.10.27"]
[EventType "team-tourn"]
[EventCountry "DEN"]
[SourceTitle "playchess.com"]
[Source "ChessBase"]
[SourceQuality "1"]
[TimeControl "40/5400+30:1800+30"]

1. e4 c5 2. Nf3 e6 3. c3 Nf6 4. e5 Nd5 5. d4 cxd4 6. cxd4 d6 7. Bd3 Nc6 8. O-O Ndb4 9. Bc4 dxe5 10. a3 $1 e4 11. Ng5 Nd3 12. d5 (12. Qh5 $2 g6 $17) 12... exd5 13. Bxd3 exd3 14. Re1+ Be7 15. Qh5 g6 16. Qh6 Be6 17. Bf4 $15 Qd7 18. Nc3 O-O-O 19. Rac1 Bd6 20. Bxd6 Qxd6 21. Nxe6 fxe6 22. Nb5 Qf8 23. Qe3 d4 24. Nxa7+ Kc7 25. Qxd3 Qf5 26. Qg3+ Kd7 27. Nxc6 bxc6 28. Re5 Qf6 29. Rd1 Ke7 30. Rd3 Rd7 31. Rf3 Qg7 32. Qg5+ Kd6 33. Rf6 Re8 34. Qf4 g5 35. Rxg5+ {[%emt 0:00:22] Kd5} 1-0

[Event "DEN-chT XtraCon 2018-19"]
[Site "Denmark"]
[Date "2019.03.17"]
[Round "9"]
[White "Hoi, Carsten"]
[Black "Christensen, Stefan"]
[Result "1-0"]
[ECO "A05"]
[WhiteElo "2359"]
[BlackElo "2255"]
[Annotator "NA"]
[PlyCount "69"]
[EventDate "2018.10.27"]
[EventType "team-tourn"]
[EventCountry "DEN"]
[SourceTitle "playchess.com"]
[Source "ChessBase"]
[SourceQuality "1"]
[TimeControl "40/5400+30:1800+30"]

1. Nf3 Nf6 2. c4 b6 3. Nc3 Bb7 4. d4 e6 5. a3 d5 6. Bg5 Be7 7. e3 O-O 8. Bd3 dxc4 9. Bxc4 Nbd7 10. O-O c5 {[%emt 0:02:30] E12: Queen's Indian: Unusual White 4th moves, 4 a3, 4 Nc3 Bb7 5 a3 and 4 Nc3 Bb7} 11. Qe2 cxd4 (11... Ne4 12. Nxe4 Bxe4 13. Bxe7 Qxe7 14. Rfd1 Bxf3 15. Qxf3 cxd4 16. Bb5 Nf6 17. Rxd4 Rad8 18. Rxd8 Rxd8 {½-½ (30) Kamsky,G (2762)-Karjakin,S (2775) Tashkent 2012}) 12. exd4 Re8 13. Rfd1 $146 ({Predecessor:} 13. Rad1 Nd5 14. Bxd5 Bxd5 15. Nxd5 exd5 16. Bxe7 Rxe7 17. Qb5 Nf6 18. Ne5 {½-½ (32) Demina,J (2330)-Iljushina,O (2281) Sochi 2007}) 13... Nd5 14. Bxd5 Bxd5 15. Nxd5 exd5 16. Bxe7 Qxe7 17. Qb5 Qd6 18. Rac1 Rac8 19. g3 f6 20. Qa6 Rc7 21. Rxc7 Qxc7 22. Qb5 Qb7 $1 23. Rc1 Re6 24. Nh4 g6 25. Ng2 $16 Re4 26. Qb4 Ne5 27. Qd6 Nc4 28. Qxf6 Qf7 29. Qg5 Rxd4 30. b3 Nd6 31. Qe5 Rd2 32. Nf4 Qf8 33. Rc7 Nf7 34. Qe6 Kg7 35. Qe1 1-0

[Event "DEN-chT XtraCon 2018-19"]
[Site "Denmark"]
[Date "2019.03.17"]
[Round "9"]
[White "Haubro, Martin"]
[Black "Kristensen, Bjarke Hautop"]
[Result "1-0"]
[ECO "B32"]
[WhiteElo "2358"]
[BlackElo "2223"]
[Annotator "NA"]
[PlyCount "129"]
[EventDate "2018.10.27"]
[EventType "team-tourn"]
[EventCountry "DEN"]
[SourceTitle "playchess.com"]
[Source "ChessBase"]
[SourceQuality "1"]
[TimeControl "40/5400+30:1800+30"]

1. e4 c5 2. Nf3 Nc6 3. d4 cxd4 4. Nxd4 e5 5. Nb5 d6 6. c4 Be7 7. N1c3 a6 8. Na3 Be6 9. Nc2 Rc8 10. b3 Nf6 11. Be2 {[%emt 0:01:39] B32: Sicilian: Löwenthal and Kalashnikov Variations} O-O 12. Bb2 (12. a4 b5 13. axb5 axb5 14. Nxb5 Nxe4 15. O-O d5 16. cxd5 Qxd5 17. Bc4 Qxd1 18. Rxd1 {½-½ (18) Kramnik,V (2759)-Radjabov,T (2756) Baku 2009}) 12... b5 13. cxb5 axb5 14. Bf3 Qb6 15. O-O b4 16. Nd5 Bxd5 17. exd5 Na5 $146 ({Predecessor:} 17... Nb8 18. Ne3 Rfe8 {0-1 (47) Edouard,R (2221)-Gregoire,S (2280) Cannes 2005}) 18. Qd2 Rb8 $1 19. Ne3 g6 20. Rfc1 Nd7 21. Bd1 Nc5 22. Nc4 Nxc4 23. Rxc4 f5 24. Bc2 Rfc8 25. Rc1 Rf8 26. Bb1 Bf6 27. Kh1 f4 $11 28. Qe2 Kg7 29. Qg4 Qb7 30. Rd1 Rf7 31. g3 Rbf8 32. gxf4 exf4 33. Bc1 Be5 34. Qf3 Rf6 35. Bd2 Na6 36. Rdc1 R8f7 37. Be4 Bb2 38. R1c2 Be5 39. Qh3 Qb5 40. Bf3 Rf5 41. Qf1 Rg5 42. Qe1 Qd7 43. Qf1 Qb5 44. h4 Rgf5 45. Qh3 h6 46. Kg1 R5f6 47. Qc8 Nc5 48. Qc6 Qb8 49. Rxb4 Qd8 50. Bg4 h5 51. Bh3 g5 52. Qc8 Qe7 53. Be6 gxh4 54. Bxf7 Rxf7 55. Qh3 Rf6 56. Kf1 Rg6 57. Bxf4 Bxf4 58. Rxf4 Qg5 59. Qf5 Qg2+ 60. Ke2 Kh6 61. Rxh4 Rg5 62. Qf6+ Kh7 63. Qe7+ Kg8 64. Qxd6 Rxd5 65. Qg3+ 1-0

[Event "DEN-chT XtraCon 2018-19"]
[Site "Denmark"]
[Date "2019.03.17"]
[Round "9"]
[White "Kjems Hove, Esben"]
[Black "Rewitz, Poul"]
[Result "1-0"]
[ECO "D78"]
[WhiteElo "2315"]
[BlackElo "2227"]
[Annotator "NA"]
[PlyCount "127"]
[EventDate "2018.10.27"]
[EventType "team-tourn"]
[EventCountry "DEN"]
[SourceTitle "playchess.com"]
[Source "ChessBase"]
[SourceQuality "1"]
[TimeControl "40/5400+30:1800+30"]

1. d4 Nf6 2. g3 g6 3. Bg2 Bg7 4. Nf3 O-O 5. O-O d5 6. c4 c6 7. Qb3 a5 8. cxd5 a4 9. Qd1 Nxd5 10. e4 Nb6 11. Na3 Bg4 12. Be3 N8d7 13. Qc2 Bxf3 14. Bxf3 e6 15. Rad1 Qe7 16. Bg2 Qb4 17. Qc3 Qa5 18. Rfe1 Rfc8 19. Bd2 Qxc3 20. Bxc3 Bf8 21. Nb1 Nc4 22. d5 Nc5 23. dxe6 Nxe6 24. Bf1 Nd6 25. Be5 Nb5 26. Bc4 Re8 27. Bf6 Nd6 28. Bf1 Nc5 29. f3 b5 30. Nc3 Nd7 31. Bg5 Ne5 32. Kg2 Re6 33. Bc1 Rae8 34. f4 Nec4 35. e5 Nb6 36. Re2 Ndc4 37. Ne4 Bg7 38. b3 axb3 39. axb3 Nxe5 40. Nc5 Ng4 41. Nxe6 fxe6 42. Rd6 Kf7 43. Rxc6 Nd5 44. h3 Nh6 45. Ra2 Bd4 46. Bxb5 Re7 47. Ra4 Bg7 48. Bc4 Nf5 49. g4 Nd4 50. Rd6 Nc3 51. Ra8 Nde2 52. Be3 Ne4 53. Rda6 Nd4 54. R8a7 Nc5 55. Rxe7+ Kxe7 56. Ra7+ Nd7 57. Rb7 Kd6 58. Ra7 Nc6 59. Ra8 Bc3 60. Kf3 h5 61. Bb5 hxg4+ 62. hxg4 e5 63. Bxc6 Kxc6 64. Rc8+ 1-0

[Event "DEN-chT XtraCon 2018-19"]
[Site "Denmark"]
[Date "2019.03.17"]
[Round "9"]
[White "Thogersen, Rasmus"]
[Black "Aabling-Thomsen, Jakob"]
[Result "1-0"]
[ECO "C50"]
[WhiteElo "2298"]
[BlackElo "2369"]
[Annotator "NA"]
[PlyCount "119"]
[EventDate "2018.10.27"]
[EventType "team-tourn"]
[EventCountry "DEN"]
[SourceTitle "playchess.com"]
[Source "ChessBase"]
[SourceQuality "1"]
[TimeControl "40/5400+30:1800+30"]

1. e4 e5 2. Nf3 Nc6 3. Bc4 Be7 4. d4 d6 5. dxe5 Nxe5 (5... dxe5 $14 6. Qxd8+ Bxd8) 6. Nxe5 dxe5 7. Qh5 g6 8. Qxe5 Nf6 9. Bh6 Qd6 10. Qxd6 cxd6 11. Nc3 Be6 {[%emt 0:02:27] C41: Philidor Defence} 12. Bb5+ Kd8 13. f3 Kc7 (13... a6 14. Ba4 Kc7 15. O-O-O Rhd8 16. Rhe1 Nd7 17. Bxd7 (17. Bb3 Rac8 18. Nd5+ Bxd5 19. Bxd5 {1-0 (46) Ochsner,T (2326)-Schou Moldt,T (2144) Denmark 2016}) 17... Kxd7 18. Nd5 Bxd5 19. Rxd5 {1-0 (51) Malakhov,V (2696)-Moskalenko,A (2460) Moscow 2014}) 14. O-O-O Rhg8 $146 ({Predecessor:} 14... a6) 15. h4 Rad8 16. Bg5 Rh8 17. Bh6 Bf8 18. Bf4 Be7 19. g4 Kc8 20. Rd4 a6 $18 21. Bc4 Ne8 22. e5 dxe5 23. Bxe6+ fxe6 24. Rc4+ Kb8 25. Bxe5+ Nd6 26. Ne4 Ka8 27. Nxd6 Bxd6 28. Bxh8 Rxh8 29. Kd2 Bg3 30. Rh3 Rd8+ 31. Ke2 Bb8 32. Rh1 Bg3 33. Rh3 Bb8 34. Re4 Rd6 35. f4 h5 36. gxh5 gxh5 37. c4 Rd7 38. Rg3 Rf7 39. Rg8 Ka7 40. Ke3 Bd6 41. Rg6 Be7 42. Rexe6 Bxh4 43. Rh6 Bg3 44. Ref6 Re7+ 45. Kf3 h4 46. f5 Rd7 47. Re6 Rd4 48. Re4 Rd3+ 49. Kg4 Rd2 50. f6 Rxb2 51. Rh5 Rg2 52. Rf5 Bd6+ 53. Kxh4 Rxa2 54. c5 Rh2+ 55. Kg5 Bf8 56. Re8 Rg2+ 57. Kh5 Rg8 58. Rd5 Rh8+ 59. Kg4 Rg8+ 60. Kf5 1-0

[Event "DEN-chT XtraCon 2018-19"]
[Site "Denmark"]
[Date "2019.03.17"]
[Round "9"]
[White "Boe, Mads"]
[Black "Pedersen, Jan"]
[Result "1-0"]
[ECO "A46"]
[WhiteElo "2295"]
[BlackElo "2383"]
[Annotator "NA"]
[PlyCount "59"]
[EventDate "2018.10.27"]
[EventType "team-tourn"]
[EventCountry "DEN"]
[SourceTitle "playchess.com"]
[Source "ChessBase"]
[SourceQuality "1"]
[TimeControl "40/5400+30:1800+30"]

1. d4 Nf6 2. Nf3 d5 3. c4 c6 4. cxd5 cxd5 5. Nc3 Nc6 6. Bf4 a6 7. Rc1 e6 8. e3 Bd6 9. Bg5 Bd7 10. Bd3 h6 11. Bh4 b5 12. O-O Rc8 13. a4 b4 14. Nb1 Qb6 15. Nbd2 Be7 (15... a5 $14) 16. Qe2 Ra8 17. Nb3 O-O $18 18. Ne5 g5 19. Nxd7 Nxd7 20. Bg3 f5 21. h3 e5 22. Bxe5 Ncxe5 23. dxe5 Nxe5 24. a5 Qf6 25. f4 Ng6 26. Kh1 g4 27. Nd4 Nh4 28. Rc6 Qg7 29. g3 Nf3 30. Nxf5 1-0

[Event "DEN-chT XtraCon 2018-19"]
[Site "Denmark"]
[Date "2019.03.17"]
[Round "9"]
[White "Matthiesen, Arne"]
[Black "Sylvan, Jacob"]
[Result "1-0"]
[ECO "D37"]
[WhiteElo "2290"]
[BlackElo "2330"]
[Annotator "NA"]
[PlyCount "161"]
[EventDate "2018.10.27"]
[EventType "team-tourn"]
[EventCountry "DEN"]
[SourceTitle "playchess.com"]
[Source "ChessBase"]
[SourceQuality "1"]
[TimeControl "40/5400+30:1800+30"]

1. d4 d5 2. c4 e6 3. Nf3 Nf6 4. Nc3 Be7 5. g3 dxc4 6. Bg2 Nc6 7. O-O O-O 8. e4 a6 9. e5 Nd5 10. Ne4 f5 11. exf6 Nxf6 12. Nc3 Rb8 13. Qe2 Nxd4 14. Nxd4 Qxd4 15. Rd1 Qg4 16. Bf3 Qf5 17. Bf4 Bd7 18. Rxd7 Nxd7 19. Bg4 Qg6 20. Qxe6+ Qxe6 21. Bxe6+ Kh8 22. Bxd7 Bd6 23. Bxd6 cxd6 24. Rd1 b5 25. Be6 Rb6 26. Bd5 h6 27. Ne4 Rc8 28. Rd4 Rc7 29. Kg2 g6 30. h4 Kg7 31. g4 Re7 32. f4 Kh8 33. f5 gxf5 34. gxf5 Rg7+ 35. Ng3 Rb8 36. f6 Rg6 37. f7 Kg7 38. Kf3 Rc8 39. Nh5+ Kf8 40. Nf4 Rf6 41. Kg4 Rxf7 42. Bxf7 Kxf7 43. Rxd6 b4 44. Rxh6 a5 45. Ra6 c3 46. bxc3 bxc3 47. Rxa5 c2 48. Nd3 c1=Q 49. Nxc1 Rxc1 50. Rf5+ Kg7 51. Rf2 Kg6 52. h5+ Kh6 53. Rf6+ Kg7 54. Ra6 Rc5 55. h6+ Kh7 56. Kf4 Rd5 57. Ke4 Rd1 58. a4 Rd2 59. a5 Ra2 60. Kd4 Ra1 61. Kc4 Rc1+ 62. Kb4 Rb1+ 63. Kc5 Ra1 64. Ra7+ Kxh6 65. Kb6 Kg6 66. Rc7 Kf6 67. Rc6+ Ke7 68. a6 Kd7 69. Kb7 Rb1+ 70. Rb6 Rc1 71. Rb4 Rc7+ 72. Kb6 Rc6+ 73. Kb7 Rc7+ 74. Kb6 Rc6+ 75. Kb5 Kc7 76. a7 Rb6+ 77. Ka5 Rxb4 78. a8=Q Rc4 79. Kb5 Rc1 80. Qe4 Rd1 81. Qc2+ 1-0

[Event "DEN-chT XtraCon 2018-19"]
[Site "Denmark"]
[Date "2019.03.17"]
[Round "9"]
[White "Palm, Nikolaj"]
[Black "Rasmussen, Henning"]
[Result "1-0"]
[ECO "D10"]
[WhiteElo "2286"]
[BlackElo "2142"]
[Annotator "NA"]
[PlyCount "67"]
[EventDate "2018.10.27"]
[EventType "team-tourn"]
[EventCountry "DEN"]
[SourceTitle "playchess.com"]
[Source "ChessBase"]
[SourceQuality "1"]
[TimeControl "40/5400+30:1800+30"]

1. d4 d5 2. c4 c6 3. cxd5 cxd5 4. Nf3 Nf6 5. Nc3 e6 6. Bf4 Nc6 7. e3 Be7 8. h3 O-O 9. Bd3 a6 10. Rc1 b5 11. O-O Bb7 12. Qe2 {[%emt 0:13:59] D13: Slav Defence: Exchange variation without ...Bf5} Nh5 $146 ({Predecessor:} 12... Qb6 13. Bg5 h6 14. Bh4 Rfe8 15. Rfd1 Rac8 16. Bb1 Qd8 17. a3 Na5 18. Ne5 Nc4 19. f4 Nd7 20. Bxe7 Rxe7 {½-½ (47) Moreno Ruiz,J (2438)-Narciso Dublan,M (2482) Linares 2016}) 13. Bh2 g6 14. a4 b4 15. Nb1 Bd6 16. Bxd6 Qxd6 17. Nbd2 f6 18. Nb3 Rae8 19. Nc5 Ba8 20. Bxa6 e5 21. dxe5 fxe5 22. Rfd1 Na5 $2 (22... Nf6 23. Bb5 Re7) 23. Qb5 $18 e4 24. Nxe4 Rxe4 25. Qxa5 Qf6 26. Rc8 Rxc8 27. Bxc8 Qc6 28. Bd7 Qb7 29. Qd8+ Kg7 30. Nd4 Kh6 31. Rc1 Nf4 32. Qf8+ Kh5 33. Bg4+ Kh4 34. Nf3# 1-0

[Event "DEN-chT XtraCon 2018-19"]
[Site "Denmark"]
[Date "2019.03.17"]
[Round "9"]
[White "Manosri Jacobsen, Mikkel"]
[Black "Skjoldager, Per"]
[Result "1-0"]
[ECO "D36"]
[WhiteElo "2285"]
[BlackElo "2049"]
[Annotator "NA"]
[PlyCount "95"]
[EventDate "2018.10.27"]
[EventType "team-tourn"]
[EventCountry "DEN"]
[SourceTitle "playchess.com"]
[Source "ChessBase"]
[SourceQuality "1"]
[TimeControl "40/5400+30:1800+30"]

1. d4 Nf6 2. c4 e6 3. Nc3 d5 4. cxd5 exd5 5. Qc2 c6 6. Bg5 Be7 7. e3 Bg4 8. Bd3 Nbd7 9. Nge2 Nf8 {[%emt 0:08:43] LiveBook: 4 Games} 10. h3 {[%emt 0:09:30] D36: Queen's Gambit Declined: Exchange Variation: Main line (5 Bg5 c6 6 Qc2)} Bd7 $146 ({Predecessor:} 10... Bh5 11. Ng3 Bg6 12. Nf5 Ne6 13. Bh4 Bxf5 14. Bxf5 g6 15. Bd3 Nh5 16. Bxe7 Qxe7 17. O-O-O Nf6 {½-½ (45) Zhang,P (2577)-Lu,S (2456) Ningbo 2011}) 11. Bf4 Ne6 12. Be5 Nf8 13. g4 Ng6 14. Bg3 Bc8 15. f3 Bd6 16. Bf2 Bc7 17. a3 Qe7 18. Rc1 O-O 19. h4 Rd8 20. h5 Nf8 21. g5 Ne8 22. Kd2 g6 23. f4 Ng7 24. Ng3 Bg4 (24... Nge6 $14) 25. hxg6 fxg6 26. Rh4 Be6 27. Rch1 Qd7 28. e4 $18 Re8 29. f5 gxf5 30. Nxf5 dxe4 31. Nxe4 Bd8 32. Nxg7 Qxg7 33. Be3 Bf5 34. Nf6+ Bxf6 35. Bxf5 Bxg5 36. Bxg5 Qxg5+ 37. Kd1 Kf7 38. Qc5 Qg3 39. Be4 Re6 40. Rf1+ Rf6 41. Rxf6+ Kxf6 42. Qf5+ Ke7 43. Rg4 Qb3+ 44. Bc2 Qf7 45. Qe5+ Ne6 46. Bf5 Re8 47. Bxe6 Qxe6 48. Qc7+ 1-0

[Event "DEN-chT XtraCon 2018-19"]
[Site "Denmark"]
[Date "2019.03.17"]
[Round "9"]
[White "Sobjerg, Erik"]
[Black "Percivaldi, Martin"]
[Result "1/2-1/2"]
[ECO "B20"]
[WhiteElo "2266"]
[BlackElo "2389"]
[Annotator "NA"]
[PlyCount "109"]
[EventDate "2018.10.27"]
[EventType "team-tourn"]
[EventCountry "DEN"]
[SourceTitle "playchess.com"]
[Source "ChessBase"]
[SourceQuality "1"]
[TimeControl "40/5400+30:1800+30"]

1. e4 c5 2. Nf3 e6 3. Nc3 a6 4. d4 cxd4 5. Nxd4 Qc7 6. f4 b5 7. Bd3 Bb7 8. Qe2 Bc5 {[%emt 0:09:33] B43: Sicilian: Kan Variation: 5 Nc3} (8... Nf6 9. e5 b4 10. Ne4 Nxe4 11. Bxe4 Bc5 12. Nb3 Bb6 13. Bxb7 Qxb7 14. Be3 O-O 15. Bxb6 Qxb6 16. O-O-O {1-0 (64) Nevednichy,V (2557)-Kovalenko,I (2656) Cappelle-la-Grande 2015 EXT 2016 [RR]}) 9. Nf3 Nc6 10. Be3 Bxe3 11. Qxe3 d6 $146 ({Predecessor:} 11... Rc8 12. O-O Nge7 13. a4 b4 14. Ne2 O-O 15. Rad1 Na5 16. b3 Qc5 17. Qxc5 Rxc5 18. Rd2 d6 19. e5 {½-½ (19) Mokry,K (2500)-Oral,T (2435) Olomouc 1997}) 12. e5 Nge7 (12... dxe5 $11 13. fxe5 Nb4) 13. O-O-O d5 (13... dxe5 $15 {keeps the upper hand.} 14. fxe5 Nb4) 14. Kb1 Na5 15. Nd4 Nc4 16. Qe1 Qb6 17. Bxc4 (17. Nce2 $14) 17... dxc4 18. Ne4 Bxe4 19. Qxe4 O-O 20. Nf3 Nf5 21. g4 Qe3 22. Rhe1 Rad8 $11 23. Rxd8 Rxd8 24. a3 Qxe4 25. Rxe4 Rd1+ 26. Ka2 Rf1 27. Ng5 h6 28. gxf5 exf5 29. e6 fxe6 30. Rxe6 hxg5 31. fxg5 Kf7 32. Rxa6 f4 33. g6+ Ke7 34. a4 bxa4 35. Rxa4 c3 36. bxc3 Kf6 37. c4 Kxg6 38. c5 Kf6 39. c6 Re1 40. Rxf4+ Ke7 41. Rd4 Re2 42. Kb3 Rxh2 43. Rd7+ Ke8 44. Rxg7 Kd8 45. c4 Rh6 46. c7+ Kc8 47. Kb4 Rb6+ 48. Kc5 Rc6+ 49. Kd5 Rh6 50. c5 Rh5+ 51. Kc6 Rh6+ 52. Kb5 Rf6 53. c6 Rf5+ 54. Kb6 Rb5+ 55. Kxb5 1/2-1/2

[Event "DEN-chT XtraCon 2018-19"]
[Site "Denmark"]
[Date "2019.03.17"]
[Round "9"]
[White "Matthiesen, Martin"]
[Black "Hove Kristensen, Kaare"]
[Result "1-0"]
[ECO "D37"]
[WhiteElo "2251"]
[BlackElo "2254"]
[Annotator "NA"]
[PlyCount "61"]
[EventDate "2018.10.27"]
[EventType "team-tourn"]
[EventCountry "DEN"]
[SourceTitle "playchess.com"]
[Source "ChessBase"]
[SourceQuality "1"]
[TimeControl "40/5400+30:1800+30"]

1. d4 d5 2. c4 e6 3. Nc3 Nf6 4. Nf3 Be7 5. Bf4 O-O 6. e3 b6 7. Bd3 Bb7 8. O-O dxc4 9. Bxc4 c5 10. dxc5 Bxc5 11. Qe2 Nbd7 12. Rfd1 Qe7 13. a3 a5 14. Na4 e5 15. Bg3 Bd6 16. Bb5 Rfd8 17. Bh4 Bc7 18. Rac1 Rac8 19. Ba6 Bxa6 20. Qxa6 e4 21. Nd4 Nb8 22. Qb5 Be5 23. Nxb6 Rxc1 24. Rxc1 Bxd4 25. exd4 e3 26. d5 Qe4 27. Qc4 g5 28. Qxe4 Nxe4 29. f3 gxh4 30. fxe4 Nd7 31. Nc4 1-0

[Event "DEN-chT XtraCon 2018-19"]
[Site "Denmark"]
[Date "2019.03.17"]
[Round "9"]
[White "Jakobsen (Nor), FM Peter"]
[Black "Ramsdal, Jens Albert"]
[Result "0-1"]
[ECO "E81"]
[WhiteElo "2237"]
[BlackElo "2235"]
[Annotator "NA"]
[PlyCount "96"]
[EventDate "2018.10.27"]
[EventType "team-tourn"]
[EventCountry "DEN"]
[SourceTitle "playchess.com"]
[Source "ChessBase"]
[SourceQuality "1"]
[TimeControl "40/5400+30:1800+30"]

1. d4 Nf6 2. c4 g6 3. Nc3 Bg7 4. e4 d6 5. f3 O-O 6. Bg5 c5 7. d5 e6 8. Qd2 exd5 9. cxd5 Re8 10. Nge2 a6 11. a4 Qa5 12. Ng3 b5 13. Be2 Nbd7 14. O-O b4 15. Nd1 Qc7 16. Rc1 a5 17. Bh6 Bh8 18. Ne3 Ba6 19. Bxa6 Rxa6 20. Kh1 Raa8 21. b3 Nb6 22. Qd3 Qe7 23. Rce1 Nfd7 24. f4 c4 25. Nxc4 Nxc4 26. Qxc4 Rac8 27. Qe2 Nc5 28. Qf3 Bc3 29. e5 Nxb3 30. Nf5 Qd7 31. Nxd6 Nd2 32. Qd1 Nxf1 33. Rxf1 Red8 34. Bg5 f6 35. Nxc8 fxg5 36. Nd6 gxf4 37. Qe2 Bxe5 38. Nc4 Bc7 39. d6 Bxd6 40. Rd1 Qe7 41. Qf3 Bc7 42. Rc1 Rd4 43. h3 Qe4 44. Qb3 Qd5 45. Nd2 Rxd2 46. Qxd5+ Rxd5 47. Rxc7 Rd1+ 48. Kh2 Ra1 0-1